 Dungeon Crawl Stone Soup version 0.28.0-53-g5a82cb258f (webtiles) character file.

Game seed: 2273916805572837308

18 Zeld the Skirmisher (level 2, -2/33 HPs)
             Began as an Ogre Delver on May 23, 2022.
             Slain by a hound (4 damage)
             ... on level 5 of the Dungeon.
             The game lasted 00:00:46 (742 turns).

Zeld the Skirmisher (Ogre Delver)                    Turns: 742, Time: 00:00:47

Health: -2/33      AC:  3    Str: 15    XL:     2   Next: 66%
Magic:  2/2        EV: 10    Int: 11    God:
Gold:   30         SH:  0    Dex: 10    Spells: 1/1 levels left

rFire   . . .      SeeInvis .   a - +0 spear
rCold   . . .      Faith    .   (no shield)
rNeg    . . .      Spirit   .   b - +0 robe
rPois   .          Reflect  .   (helmet restricted)
rElec   .          Harm     .   (no cloak)
rCorr   .          Rampage  .   (gloves unavailable)
Will    .....                   (boots unavailable)
Stlth   ++........              (no amulet)
HPRegen 0.11/turn               (no ring)
MPRegen 0.08/turn               (no ring)

@: no status effects
A: large, unfitting armour, tough skin 1
a: no special abilities


You were on level 5 of the Dungeon.
You visited 1 branch of the dungeon, and saw 2 of its levels.

You collected 30 gold pieces.

Inventory:

Hand Weapons
 a - a +0 spear (weapon)
Armour
 b - a +0 robe (worn)
Wands
 g - a wand of digging (3)
Scrolls
 c - 2 scrolls of fog
 d - a scroll of magic mapping
 e - a scroll of fear
 h - a scroll of blinking {unknown}
 i - a scroll of identify {unknown}
Potions
 f - a potion of haste


   Skills:
 * Level 4.4 Fighting
 * Level 2.4 Polearms
 + Level 2.0 Dodging
 - Level 3.7 Stealth
 + Level 0.4 Evocations


You had one spell level left.
You didn't know any spells.
Your spell library was empty.

Dungeon Overview and Level Annotations

Branches:
Dungeon (5/15)
 Temple: D:4-7

Altars:

Annotations:
D:4 exclusion: orc wizard, Grinder


Innate Abilities, Weirdness & Mutations

You are too large for most types of armour.
You have tough skin. (AC +1)


Message History

You hit the hound.
The hound is heavily wounded.
The hound completely misses you.
You hit the hound.
The hound is severely wounded.
The hound barely misses you. The hound bites you.
You closely miss the hound.
The hound is severely wounded.
The hound barely misses you.
You completely miss the hound.
The hound is severely wounded.
The hound bites you.
You closely miss the hound.
The hound is severely wounded.
The hound barely misses you. The hound bites you but does no damage.
You hit the hound.
The hound is almost dead.
The hound barely misses you.
You closely miss the hound.
The hound is almost dead.
The hound barely misses you. The hound bites you.
* * * LOW HITPOINT WARNING * * *
You hit the hound but do no damage.
The hound is almost dead.
The hound barely misses you.
Unknown command.
You completely miss the hound.
The hound is almost dead.
The hound bites you but does no damage. The hound bites you.
* * * LOW HITPOINT WARNING * * *
Unknown command.
You miss the hound.
The hound is almost dead.
The hound bites you.
* * * LOW HITPOINT WARNING * * *
Unknown command.
You hit the hound but do no damage.
The hound is severely wounded.
The hound bites you but does no damage. The hound bites you.
You die...

.## ... ### ..
..#.. #.#. #..
#######h#
#......@#
#######.#
######$####.#
##...........#
##...).....)...#
#........$......
#...?...........
#....<.....)....
#...............


You could see a hound.

Vanquished Creatures
  A howler monkey skeleton (D:4)
  An ufetubus (D:4)
  An orc (D:5)
3 creatures vanquished.

Notes
Turn   | Place    | Note
-------+----------+-------------------------------------------
     0 | D:5      | Zeld the Ogre Delver began the quest for the Orb.
     0 | D:5      | Reached XP level 1. HP: 24/24 MP: 1/1
    32 | D:4      | Reached XP level 2. HP: 24/32 MP: 2/2
   136 | D:4      | Noticed an ogre
   665 | D:4      | Noticed Grinder
   742 | D:5      | Slain by a hound

Illustrated notes

Levels and vault maps discovered:
D:4:      layout_loops_cross, serial_bayou_pond_b, uniq_grinder
D:5:      layout_rooms, minmay_parallelograms, minivault_19,
          kennysheep_generic_room_13

Skill      XL: |  1  2 |
---------------+-------+-----
Dodging        | 2 |  2.0
Fighting       | |  4.4
Polearms       | |  2.4
Stealth        | |  3.7
Evocations     | |  0.4

Action                   || total
-------------------------++-------
Melee: Spear             ||    40
       Punch             ||     1
 Stab: Sleeping          ||     3
Armor: Robe              ||     5
Dodge: Dodged            ||    27
